 Dungeon Crawl Stone Soup version 0.29.1-13-g9f3cf754e1 (webtiles) character file.

Game seed: 7975975604226351440

2226 Peloso the Carver (level 9, -3/112 (117) HPs)
             Began as a Minotaur Fighter on Feb 11, 2023.
             Was a Priest of Okawaru.
             Slain by a wight
             ... wielding a +3 spear of freezing
              (4 damage)
             ... on level 7 of the Dungeon.
             The game lasted 00:10:58 (5993 turns).

Peloso the Carver (Minotaur Fighter)                Turns: 5993, Time: 00:10:58

HP:   -3/112 (117)  AC: 24    Str: 24    XL:     9   Next: 14%
MP:   8/8           EV:  2    Int:  5    God:    Okawaru [***...]
Gold: 188           SH:  5    Dex: 11    Spells: 8/8 levels left

rFire   . . .      SeeInvis .   a - +0 long sword
rCold   . . .      Faith    .   d - +0 buckler
rNeg    . . .      Spirit   .   (body armour currently unavailable)
rPois   +          Reflect  .   (helmet currently unavailable)
rElec   .          Harm     .   (cloak currently unavailable)
rCorr   .          Rampage  .   (gloves currently unavailable)
Will    .....      NoTele   +   (boots currently unavailable)
Stlth   ++........              (no amulet)
HPRegen 0.28/turn               (no ring)
MPRegen 0.11/turn               (no ring)

@: lethally poisoned (-3 -> -7), tree-form, lightly drained
A: stationary, stasis, torment immunity, boosted hp, (horns 2), (retaliatory
headbutt)
a: Renounce Religion, Heroism


You were on level 7 of the Dungeon.
You worshipped Okawaru.
Okawaru was most pleased with you.
You were a tree.
You visited 2 branches of the dungeon, and saw 8 of its levels.

You collected 377 gold pieces.
You spent 189 gold pieces at shops.

Inventory:

Hand Weapons
 a - a +0 long sword (weapon)
 c - a +0 whip
Armour
 b - a +0 scale mail
 d - a +0 buckler (worn)
 o - a +0 pair of gloves (melded)
 p - the +6 scale mail of Filth (melded) {Drain rElec rCorr Slay+6}
   (You bought it in a shop on level 2 of the Dungeon)

   Slay:      It affects your accuracy & damage with ranged weapons and melee
   (+6).
   rElec:     It insulates you from electricity.
   rCorr:     It protects you from acid and corrosion.
   Drain:     It drains your maximum health when unequipped.
Scrolls
 j - a scroll of magic mapping {unknown}
 k - 3 scrolls of immolation {unknown}
 l - 2 scrolls of teleportation {unknown}
 n - a scroll of amnesia {unknown}
 q - a scroll of noise {unknown}
 s - 2 scrolls of silence {unknown}
 t - a scroll of poison {unknown}
 u - a scroll of blinking {unknown}
 v - a scroll of vulnerability {unknown}
Potions
 e - 5 potions of brilliance
 f - 4 potions of might
 g - 2 potions of flight
 h - a potion of mutation
 i - a potion of curing
 m - 2 potions of lignification
 r - a potion of berserk rage {unknown}
 w - a potion of ambrosia {unknown}
 x - a potion of magic {unknown}


   Skills:
 + Level 6.6 Fighting
 + Level 9.3 Long Blades
 + Level 8.7 Armour
 + Level 3.5 Dodging
 + Level 1.5 Stealth
 + Level 5.2 Shields


You had 8 spell levels left.
You didn't know any spells.
Your spell library contained the following spells:

 Spells                   Type           Power      Damage    Failure   Level
 Sandblast                Erth           0%         2d4       56%         1
 Passwall                 Tmut/Erth      0%         N/A       71%         2
 Stone Arrow              Conj/Erth      0%         3d7       90%         3


Dungeon Overview and Level Annotations

Branches:
Dungeon (7/15)             Temple (1/1) D:4

Altars:
Elyvilon
Gozag
Makhleb
Okawaru
Qazlal
Ru
Xom
Yredelemnul
Zin
The Shining One

Shops:
D:2 [


Innate Abilities, Weirdness & Mutations

You are a tree.
Your roots penetrate the ground, keeping you stationary.
You cannot be teleported.
You are immune to unholy pain and torment.
Your maximum health is greatly increased.
Your equipment is partially melded.
((You have a pair of horns on your head.))
((You reflexively headbutt those who attack you in melee.))


Message History

The wight hits you with a +4 mace.
* * * LOW HITPOINT WARNING * * *
The wight hits you but does no damage.
The orc warrior hits you with a +0 hand axe!
* * * LOW HITPOINT WARNING * * *
Okay, then.
You hit the orc warrior.
You headbutt the orc warrior, but do no damage.
The orc warrior is almost dead.
Something hits you.
* * * LOW HITPOINT WARNING * * *
You are lethally poisoned!
The wight misses you. The wight barely misses you.
You block the orc warrior's attack.
Unknown command.
You feel better.
You hear some strange, mumbled words.
Something tries to affect you, but you resist.
The wight hits you with a +4 mace.
* * * LOW HITPOINT WARNING * * *
You feel drained.
* * * LOW HITPOINT WARNING * * *
The wight hits you but does no damage.
The orc warrior hits you with a +0 hand axe.
* * * LOW HITPOINT WARNING * * *
It was a potion of lignification.
You turn into a tree.
Your +0 pair of gloves melds into your body.
The +6 scale mail of Filth {Drain rElec rCorr Slay+6} melds into your body.
Your roots penetrate the ground.
The orc warrior hits you but does no damage.
Something hits you.
* * * LOW HITPOINT WARNING * * *
You are poisoned.
The wight hits you but does no damage.
The wight hits you from afar with a +3 spear of freezing!
* * * LOW HITPOINT WARNING * * *
You feel drained.
* * * LOW HITPOINT WARNING * * *
The wight freezes you.
You die...

. .. ..z ##########
..z###..../...#
.oz...........#
#ooz......#
##{z......#
#♣oz.....####
###)........#
#.........#
#.........#
###.........#
............##
....####.#.##
..###.......#
#.###.##..##########


You could see an orc warrior, 3 wights and 2 orcs.

Vanquished Creatures
  An acid dragon (D:6)
  A water moccasin (D:5)
  2 black bears (D:6)
  2 sky beasts
  An orc warrior (D:5)
  3 centaurs
  2 phantoms
  A gnoll sergeant (D:6)
  2 necrophages
  2 scorpions (D:5)
  5 wights
  2 howler monkeys
  An electric eel (D:6)
  2 hounds
  4 orc priests
  4 iguanas
  An orc wizard (D:7)
  3 gnolls (D:6)
  4 adders
  2 shadow imps
  3 ufetubi (D:4)
  3 worms
  25 orcs
  4 endoplasms
  5 hobgoblins
  4 jackals (D:2)
  9 kobolds
  A quokka (D:2)
  3 ball pythons
  6 bats
  2 frilled lizards
  3 goblins (D:2)
  5 rats
118 creatures vanquished.

Vanquished Creatures (others)
  2 plants (D:3)
2 creatures vanquished.

Grand Total: 120 creatures vanquished

Notes
Turn   | Place    | Note
-------+----------+-------------------------------------------
     0 | D:1      | Peloso the Minotaur Fighter began the quest for the Orb.
     0 | D:1      | Reached XP level 1. HP: 19/19 MP: 0/0
   193 | D:1      | Found a faded altar of an unknown god.
   309 | D:1      | Reached XP level 2. HP: 25/27 MP: 1/1
  1001 | D:2      | Reached XP level 3. HP: 32/33 MP: 2/2
  1116 | D:2      | Reached skill level 3 in Long Blades
  1348 | D:2      | Found Aqig's Antique Armour Boutique.
  1752 | D:3      | Reached XP level 4. HP: 35/40 MP: 3/3
  1892 | D:3      | Reached skill level 1 in Dodging
  2684 | D:2      | Bought an agate-encrusted scale mail for 189 gold pieces
  2684 | D:2      | Identified the +6 scale mail of Filth {Drain rElec rCorr
                  | Slay+6} (You bought it in a shop on level 2 of the Dungeon)
  2763 | D:4      | Found a staircase to the Ecumenical Temple.
  2774 | Temple   | Entered the Ecumenical Temple
  2857 | Temple   | Became a worshipper of Warmaster Okawaru
  3071 | D:4      | Reached skill level 4 in Long Blades
  3071 | D:4      | Reached XP level 5. HP: 10/47 MP: 4/4
  3762 | D:5      | Entered Level 5 of the Dungeon
  3781 | D:5      | Noticed a centaur
  3784 | D:5      | Noticed a water moccasin
  3806 | D:4      | Reached skill level 5 in Armour
  3806 | D:4      | Reached XP level 6. HP: 32/53 MP: 5/5
  3935 | D:4      | Reached skill level 5 in Long Blades
  3955 | D:5      | Killed a water moccasin
  3955 | D:5      | Reached * piety under Okawaru
  3987 | D:5      | Reached skill level 6 in Long Blades
  3987 | D:5      | Reached XP level 7. HP: 50/60 MP: 6/6
  4264 | D:5      | Reached skill level 5 in Fighting
  4436 | D:5      | Reached skill level 7 in Long Blades
  4436 | D:5      | Reached ** piety under Okawaru
  4576 | D:5      | Reached XP level 8. HP: 69/69 MP: 7/7
  4825 | D:6      | Reached skill level 5 in Shields
  4835 | D:6      | Reached skill level 1 in Stealth
  4900 | D:6      | Reached skill level 8 in Long Blades
  5130 | D:6      | Reached *** piety under Okawaru
  5745 | D:6      | Reached skill level 9 in Long Blades
  5745 | D:6      | Reached XP level 9. HP: 74/78 MP: 8/8
  5993 | D:7      | HP: 4/115 [wight/+3 spear of freezing (8)]
  5993 | D:7      | HP: 1/112 [wight/+3 spear of freezing (3)]
  5993 | D:7      | Slain by a wight

Illustrated notes

Levels and vault maps discovered:
D:1:      dpeg_arrival_signposts, layout_loops_ring,
          chequers_ecumenical_altar_lobes
D:2:      layout_rooms, serial_shops, nicolae_shop_statue_plus,
          minmay_tetromino_i4
D:3:      layout_basic, guppyfry_early_lair_pool
D:4:      layout_loops_ring, minmay_temple_entry_sparse_star, kennysheep_path_1
D:5:      wad_pebble_path, layout_loops_ring
D:6:      layout_cave_pools, nrook_mini_vaults, moated_statue, minivault_14
D:7:      layout_rooms
Temple:   minmay_crystal_snake_temple

Skill      XL: |  1  2  3  4  5  6  7  8 |
---------------+-------------------------+-----
Armour         | 4 5 6 8 |  8.7
Fighting       | 4 5 6 |  6.6
Shields        | 4 5 |  5.2
Long Blades    | 3 4 6 7 9 |  9.3
Dodging        | 1 2 3 |  3.5
Stealth        | 1 |  1.5

Action                   |  1- 3 |  4- 6 |  7- 9 || total
-------------------------+-------+-------+-------++-------
Melee: Long sword        |    81 |    76 |   134 ||   291
       Headbutt          |    14 |    11 |    36 ||    61
  Use: Scroll            |     2 |     1 |     1 ||     4
       Potion            |       |     1 |     5 ||     6
Armor: Scale mail        |    32 |    79 |    79 ||   190
       Skin              |       |       |     2 ||     2
Dodge: Dodged            |    38 |    47 |    87 ||   172
Block: Buckler           |    23 |    20 |    24 ||    67
